 Dungeon Crawl Stone Soup version 0.14-a0-1773-ge500af7 (webtiles) character file.

12508 Jenx the Thaumaturge (level 11, -4/68 HPs)
             Began as a Deep Elf Conjurer on Jan 5, 2014.
             Was a High Priest of Vehumet.
             Slain by a blink frog (18 damage)
             ... on Level 4 of the Lair of Beasts on Jan 6, 2014.
             The game lasted 01:03:32 (13082 turns).

Jenx the Thaumaturge (Deep Elf Conjurer)           Turns: 13082, Time: 01:03:33

HP  -4/68        AC 11     Str 10      XL: 11   Next: 59%
MP  24/50        EV 20     Int 27      God: Vehumet [*****.]
Gold 309         SH  0     Dex 18      Spells:  7 memorised,  8 levels left

rFire  . . .     SeeInvis +     a - staff of power
rCold  . . .     Clarity  .     P - +0 robe of Crawling {Str+2 Dex+3 SInv}
rNeg   . . .     Conserve .     (no shield)
rPois  +         rCorr    .     N - +0 helmet
rElec  .         rRot     .     s - +2 cloak {rPois}
SustAb . .       Spirit   .     O - +2 pair of dwarf gloves {Str+3}
rMut   .         Warding  .     u - +1 pair of boots
Saprov . . .     Stasis   .     (no amulet)
                                x - +3 ring of intelligence
                                t - ring of wizardry

@: very slightly contaminated, somewhat resistant to hostile enchantments,
stealthy
A: no striking features
a: Renounce Religion


You were on level 4 of the Lair of Beasts.
You worshipped Vehumet.
Vehumet was extremely pleased with you.
You were not hungry.

You visited 3 branches of the dungeon, and saw 14 of its levels.

You collected 626 gold pieces.
You spent 317 gold pieces at shops.

Inventory:

Armour
 s - a +2 cloak of poison resistance (worn)
 u - a +1 pair of boots (worn)
 N - a +0 helmet (worn)
 O - a +2 pair of dwarven gloves of strength (worn)
 P - the +0 robe of Crawling (worn) {Str+2 Dex+3 SInv}
   (You bought it in a shop on level 4 of the Dungeon)

   It affects your strength (+2).
   It affects your dexterity (+3).
   It enhances your eyesight.
Magical devices
 e - a wand of lightning (3)
 w - a wand of disintegration (12) {unknown}
 C - a wand of digging (13)
 W - a wand of fireball (3)
Comestibles
 n - 3 bread rations
 z - 5 chunks of fire drake flesh
 G - 4 meat rations
 M - a royal jelly
Scrolls
 h - 3 scrolls of identify
 j - 4 scrolls of teleportation
 l - a scroll of summoning
 m - 2 scrolls of enchant weapon I
 o - a scroll of enchant armour
 q - 3 scrolls of fog
 r - a scroll of curse weapon {unknown}
 A - 7 scrolls of remove curse
Jewellery
 k - an uncursed ring of invisibility
 t - a ring of wizardry (left hand)
 x - a +3 ring of intelligence (right hand)
Potions
 c - 2 potions of cure mutation
 g - 2 potions of invisibility
 i - 7 potions of curing
 p - 5 potions of heal wounds
 v - a potion of poison {unknown}
 B - a potion of speed
Magical staves
 a - an uncursed staff of power (weapon)
 b - an uncursed staff of fire
Miscellaneous
 d - a fan of gales


   Skills:
 - Level 8.3 Fighting
 - Level 10.0 Dodging
 - Level 2.4 Stealth
 - Level 11.0 Spellcasting
 - Level 10.8 Conjurations
 + Level 6.6 Fire Magic


You had 8 spell levels left.
You knew the following spells:

 Your Spells              Type           Power        Failure   Level  Hunger
a - Dazzling Spray        Conj/Hex       #####...     1%          3    None
b - Iskenderun's Mystic   Conj           ######..     1%          4    None
c - Mephitic Cloud        Conj/Pois/Air  ####....     1%          3    None
d - Bolt of Magma         Conj/Fire/Erth #####.....   1%          5    ##.....
e - Iskenderun's Battles  Conj/Chrm      #####...     1%          4    None
f - Inner Flame           Hex/Fire       ####....     1%          3    None
g - Sublimation of Blood  Necr           ##........   3%          2    None


Dungeon Overview and Level Annotations

Branches:
Dungeon (9/16)             Temple (1/1) D:6            Lair (4/8) D:9
  Swamp (0/5) Lair:3        Snake (0/5) Lair:3
    Orc: D:9-12

Altars:
Ashenzari
Cheibriados
Elyvilon
Fedhas
Makhleb
Nemelex Xobeh
Okawaru
Sif Muna
Trog
Vehumet
Xom
Yredelemnul
Zin
the Shining One
Lugonu

Shops:
D:4 [   D:5 [


Message History

Your Fire Magic skill increases to level 6!
Your battlesphere fires!
The blink frog hits you!
* * * LOW HITPOINT WARNING * * *
Casting: Bolt of Magma
Confirm with . or Enter, or press ? or * to list all spells.
Aiming: Iskenderun's Mystic Blast
Press: ? - help, Shift-Dir - straight line, f - blink frog
Aim: a blink frog The orb of energy hits the blink frog.
The blink frog is severely wounded.
Your battlesphere fires!
The barrage of energy hits the blink frog.
The blink frog is almost dead.
The blink frog hits you but does no damage.
The blink frog misses you.
Read which item? (? for menu, Esc to quit)
As you read the scroll of fog, it crumbles to dust.
The scroll dissolves into smoke.
The blink frog hits you!
You die...

##.....#..§F≈≈###
##......t.≈≈.≈#
#f.....#...≈≈#5$.
##.......⌠..## .
#.....F.....#
####.....*..#
#..F..≈≈≈##
##.§§.≈≈≈≈#.
#§@§≈≈≈≈≈≈≈## ≈≈
##§§F≈≈≈≈≈##≈##≈≈≈
#.#..≈≈#.#≈≈≈≈≈≈≈≈≈
##....≈≈#≈≈≈≈8..≈≈.
#...#.≈≈≈≈≈≈≈..## .
#..#...≈≈≈.≈≈≈..#..
#...........≈≈≈.#.#
##.......#.#.≈≈.#.#
#......##..#......


You could see 3 blink frogs and a crocodile.

Vanquished Creatures
  An ice dragon (Lair:4)
  2 hydras (Lair:3)
  A black mamba (Lair:3)
  3 spiny frogs
  A fire drake (Lair:4)
  A queen bee (D:8)
  A troll (D:8)
  4 blink frogs (Lair:2)
  A basilisk (Lair:2)
  6 hippogriffs
  An orc warrior (D:8)
  3 sky beasts
  A black bear (D:6)
  3 phantoms
  2 porcupines
  4 ogres
  6 crocodiles
  A centaur (D:8)
  The ghost of Jenx the Ruinous, an average DECj (D:3)
  A giant slug (Lair:1)
  7 water moccasins
  10 giant frogs
  2 agate snails (Lair:3)
  An eye of draining (D:8)
  17 killer bees (D:8)
  8 wights
  2 crimson imps
  8 orc priests
  2 goliath beetles
  5 hounds
  6 jellies
  Crazy Yiuf (D:3)
  4 iguanas
  6 orc wizards
  4 scorpions
  6 worker ants
  15 sheep (Lair:2)
  A mummy (D:8)
  36 green rats
  14 adders
  A giant centipede (Lair:1)
  4 worms
  3 giant mites
  An iguana zombie (D:8)
  A giant eyeball (D:8)
  4 giant geckos
  An ooze (D:2)
  14 orcs
  A bat skeleton (D:7)
  4 giant cockroaches
  8 hobgoblins
  19 jackals
  9 quokkas
  A ball python (D:2)
  20 bats
  7 giant newts
  8 goblins
  A goblin skeleton (D:4)
  13 kobolds
  18 rats
  A rat skeleton (D:4)
  3 ballistomycetes (D:6)
  2 fungi
343 creatures vanquished.

Vanquished Creatures (collateral kills)
  3 killer bees (D:8)
  An iguana (Lair:1)
4 creatures vanquished.

Vanquished Creatures (others)
  A giant spore (D:6)
1 creature vanquished.

Grand Total: 348 creatures vanquished

Notes
Turn   | Place    | Note
--------------------------------------------------------------
     0 | D:1      | Jenx, the Deep Elf Conjurer, began the quest for the Orb.
     0 | D:1      | Reached XP level 1. HP: 10/10 MP: 5/5
   244 | D:1      | Reached XP level 2. HP: 15/15 MP: 4/8
   294 | D:1      | Reached skill level 5 in Conjurations
   980 | D:2      | Reached XP level 3. HP: 16/19 MP: 2/10
  1272 | D:2      | Found a sparkling altar of Nemelex Xobeh.
  1372 | D:2      | Learned a level 3 spell: Dazzling Spray
  1689 | D:2      | Reached skill level 6 in Conjurations
  1811 | D:3      | Reached XP level 4. HP: 24/24 MP: 10/13
  1820 | D:3      | Learned a level 4 spell: Iskenderun's Mystic Blast
  1824 | D:3      | Noticed Jenx's ghost (average DECj)
  1825 | D:3      | Killed Jenx's ghost
  1826 | D:3      | Reached XP level 5. HP: 28/28 MP: 3/16
  1882 | D:3      | Noticed Crazy Yiuf
  1927 | D:3      | Killed Crazy Yiuf
  1927 | D:3      | Reached skill level 7 in Conjurations
  2079 | D:3      | Upgraded the game from 0.14-a0-1765-g49ce880 to 0.14-a0-1773-ge500af7
  2120 | D:3      | Found a bloodstained altar of Trog.
  2262 | D:3      | Found a deep blue altar of Sif Muna.
  2481 | D:4      | Got a steaming long sword
  2491 | D:3      | Identified the cursed -1,+3 long sword "Hoerixadi" {slice, rC+ Str+2} (You found it on level 4 of the Dungeon)
  2516 | D:4      | Noticed a phantom
  2637 | D:4      | Killed a phantom
  2637 | D:4      | Reached skill level 8 in Conjurations
  2637 | D:4      | Reached XP level 6. HP: 29/32 MP: 0/18
  2762 | D:4      | Learned a level 3 spell: Mephitic Cloud
  2857 | D:4      | Noticed an ogre
  2869 | D:4      | Killed an ogre
  2877 | D:4      | Noticed a hippogriff
  2892 | D:4      | Killed a hippogriff
  2892 | D:4      | Reached skill level 9 in Conjurations
  2892 | D:4      | Reached XP level 7. HP: 36/36 MP: 1/20
  3264 | D:4      | Found a radiant altar of Vehumet.
  3288 | D:4      | Became a worshipper of Vehumet
  3339 | D:4      | Found Weras' Antique Armour Shoppe.
  3350 | D:4      | Bought a glowing cloak for 23 gold pieces
  3350 | D:4      | Bought a pair of glowing dwarven gloves for 32 gold pieces
  3350 | D:4      | Bought a smoking robe for 131 gold pieces
  3352 | D:4      | Identified the cursed +0 robe of Crawling {Str+2 Dex+3 SInv} (You bought it in a shop on level 4 of the Dungeon)
  3372 | D:4      | Noticed a phantom
  3386 | D:4      | Killed a phantom
  3744 | D:5      | Entered Level 5 of the Dungeon
  3846 | D:5      | Reached skill level 10 in Conjurations
  4014 | D:5      | Found a blossoming altar of Fedhas.
  4460 | D:5      | Found Ihuoxuwk's Antique Armour Shoppe.
  4627 | D:6      | Acquired Vehumet's first power
  4627 | D:6      | Offered knowledge of Freeze by Vehumet.
  4640 | D:6      | Reached skill level 5 in Spellcasting
  4770 | D:6      | Reached XP level 8. HP: 41/41 MP: 3/25
  4777 | D:6      | Learned a level 4 spell: Iskenderun's Battlesphere
  4936 | D:6      | Found a staircase to the Ecumenical Temple.
  4945 | Temple   | Entered the Ecumenical Temple
  4978 | D:6      | You fall through a shaft for 3 floors!
  5139 | D:9      | Found a staircase to the Lair.
  5217 | D:9      | Got a steaming robe
  5326 | D:9      | Identified the +2 robe of the Orcish Mines {Str+1 Int-2} (You found it on level 9 of the Dungeon)
  5511 | D:8      | Reached skill level 10 in Spellcasting
  5865 | D:8      | Reached skill level 1 in Fighting
  5865 | D:8      | Reached XP level 9. HP: 37/47 MP: 30/30
  5878 | D:8      | Noticed a troll
  5882 | D:8      | Killed a troll
  6063 | D:8      | Found a shimmering altar of Xom.
  6110 | D:7      | Offered knowledge of Shock by Vehumet.
  6139 | D:6      | Found a snail-covered altar of Cheibriados.
  6371 | D:7      | Learned a level 2 spell: Sublimation of Blood
  6754 | D:6      | Reached skill level 5 in Fighting
  6939 | D:5      | Bought an ancient robe for 131 gold pieces
  6948 | D:5      | Identified the +1 robe of Listlessness {rPois} (You bought it in a shop on level 5 of the Dungeon)
  7275 | D:6      | Found a basalt altar of Yredelemnul.
  7776 | D:8      | Paralysed by a giant eyeball for 3 turns
  7929 | D:8      | Offered knowledge of Stone Arrow by Vehumet.
  7973 | D:8      | Noticed a queen bee
  8025 | D:8      | Reached XP level 10. HP: 26/63 MP: 8/32
  8192 | D:8      | Acquired Vehumet's second power
  8496 | D:8      | Killed a queen bee
  8840 | Lair:1   | Entered Level 1 of the Lair of Beasts
  9023 | Lair:1   | Offered knowledge of Inner Flame by Vehumet.
  9028 | Lair:1   | Learned a level 3 spell: Inner Flame
  9907 | Lair:1   | Reached skill level 5 in Dodging
 10089 | Lair:2   | Acquired Vehumet's third power
 10487 | Lair:2   | Offered knowledge of Lee's Rapid Deconstruction by Vehumet.
 10912 | Lair:2   | Reached XP level 11. HP: 37/68 MP: 25/32
 11400 | Lair:3   | Reached skill level 10 in Dodging
 11536 | Lair:3   | Noticed a six-headed hydra
 11542 | Lair:3   | Killed a six-headed hydra
 11551 | Lair:3   | Found a staircase to the Snake Pit.
 11663 | Lair:3   | Noticed a six-headed hydra
 11676 | Lair:3   | Killed a six-headed hydra
 11676 | Lair:3   | Reached skill level 5 in Fire Magic
 11980 | Lair:3   | Found a staircase to the Swamp.
 12147 | Lair:3   | Offered knowledge of Bolt of Magma by Vehumet.
 12334 | Lair:3   | Learned a level 5 spell: Bolt of Magma
 12844 | Lair:3   | Reached skill level 11 in Spellcasting
 13065 | Lair:4   | Noticed an ice dragon
 13080 | Lair:4   | Killed an ice dragon
 13082 | Lair:4   | Slain by a blink frog

Action                   |  1- 3 |  4- 6 |  7- 9 | 10-12 || total
-------------------------+-------+-------+-------+-------++-------
Melee: Unarmed           |     2 |       |       |       ||     2
       Quarterstaff      |       |    10 |    72 |       ||    82
       Staff             |       |       |    72 |    33 ||   105
Throw: Dart              |       |     4 |       |       ||     4
 Cast: Magic Dart        |    82 |    51 |   104 |    30 ||   267
       Iskenderun's Myst |       |     7 |    46 |    62 ||   115
       Dazzling Spray    |       |     8 |   103 |   216 ||   327
       Mephitic Cloud    |       |     1 |    26 |    19 ||    46
       Sublimation of Bl |       |       |       |    11 ||    11
       Iskenderun's Batt |       |       |       |    10 ||    10
       Inner Flame       |       |       |       |     3 ||     3
       Bolt of Magma     |       |       |       |     5 ||     5
Evoke: Wand              |       |       |     5 |     1 ||     6
       fan of gales      |       |       |       |     1 ||     1
  Use: Scroll            |       |     6 |     9 |    10 ||    25
       Potion            |       |       |       |     2 ||     2
 Stab: Invisible         |       |       |     6 |     3 ||     9
       Confused          |       |       |     3 |       ||     3
